 Dungeon Crawl Stone Soup version 0.31.0-1-g2c135a008e (webtiles) character file.

Game seed: 9451166738389696993

914 Destapler the Ruffian (level 7, 0/67 HPs)
             Began as a Troll Shapeshifter on Jan 20, 2024.
             Slain by a gnoll
             ... wielding a +0 spear
             ... led by a gnoll bouda
              (4 damage)
             ... on level 5 of the Dungeon on Jan 21, 2024.
             The game lasted 00:09:38 (3299 turns).

Destapler the Ruffian (Troll Shapeshifter)          Turns: 3299, Time: 00:09:39

Health: 0/67       AC:  4    Str: 25    XL:     7   Next: 82%
Magic:  6/6        EV: 10    Int:  4    God:
Gold:   208        SH:  0    Dex:  9    Spells: 6/6 levels left

rFire   . .          .
                       - Unarmed
rCold   . . .        (no shield)
rNeg    . . .        a - +0 animal skin
rPois   .            (helmet restricted)
rElec   .            (no cloak)
rCorr   +            (gloves unavailable)
SInv    .            (boots unavailable)
Will    .....        (no amulet)
Stlth   +            o - ring of resist corrosion
HPRegen 1.11/turn    (no ring)
MPRegen 0.10/turn

%: no passive effects
@: lethally poisoned (0 -> -7)
A: large, unfitting armour, claws 3, regeneration 1, shaggy fur 1, tough skin 1,
dopey 1, subdued magic 1
a: no special abilities


You were on level 5 of the Dungeon.
You visited 1 branch of the dungeon, and saw 5 of its levels.
You also visited: Sewer.

You collected 208 gold pieces.

Inventory:

Missiles
 j - 3 boomerangs (quivered)
 t - 2 curare-tipped darts
 x - 7 poisoned darts
Armour
 a - a +0 animal skin (worn)
Jewellery
 o - a ring of resist corrosion (left claw)
Talismans
 c - a beast talisman
 d - a flux talisman
Scrolls
 g - a scroll of identify
 h - a scroll of amnesia {unknown}
 i - a scroll of teleportation
 p - a scroll of vulnerability {unknown}
 r - a scroll of blinking {unknown}
 s - 3 scrolls of enchant armour {unknown}
 u - a scroll of fog {unknown}
Potions
 b - a potion of lignification
 e - a potion of heal wounds {unknown}
 f - a potion of invisibility {unknown}
 k - a potion of enlightenment {unknown}
 l - a potion of berserk rage {unknown}
 m - a potion of attraction
 n - a potion of ambrosia {unknown}
 z - 3 potions of degeneration {unknown}


   Skills:
 + Level 3.6 Fighting
 - Level 4.0 Dodging
 + Level 5.3 Unarmed Combat
 + Level 5.0 Shapeshifting


You had 6 spell levels left.
You didn't know any spells.
Your spell library contained the following spells:

 Spells                   Type           Power      Damage    Failure   Level
 Frozen Ramparts          Ice            0%         1d1       83%         3
 Brom's Barrelling Bould  Conj/Erth      0%         2d3       99%         4
 Leda's Liquefaction      Alch/Erth      0%         N/A       99%         4
 Petrify                  Alch/Erth      0%         N/A       99%         4
 Fireball                 Conj/Fire      0%         3d3       100%        5
 Iskenderun's Battlesphe  Conj           0%         2d6       100%        5
 Metabolic Englaciation   Hex/Ice        0%         N/A       100%        5
 Conjure Ball Lightning   Conj/Air       0%         3x3d6     100%        6
 Orb of Destruction       Conj           0%         9d5       100%        7


Dungeon Overview and Level Annotations

Branches:
Dungeon (5/15)              Sewer (visited)
 Temple: D:4-7

Altars:
Kikubaaqudgha
Okawaru
Vehumet


Innate Abilities, Weirdness & Mutations

You are too large for most types of armour.
You have claws for hands.
Your natural rate of healing is unusually fast.
You are covered in fur. (AC +1)
You have tough skin. (AC +1)
You are dopey. (Int -2)
Your spells are a little easier to cast, but a little less powerful.


Message History

The water moccasin barely misses you.
You claw the water moccasin!
The water moccasin is moderately wounded.
The water moccasin barely misses you.
The gnoll bouda barks out a call to the hunt!
The gnolls pick up the pace!
The gnoll closely misses you.
You closely miss the water moccasin.
The water moccasin is moderately wounded.
The water moccasin bites you.
You are poisoned.
The water moccasin poisons you! The gnoll closely misses you.
The gnoll hits you from afar with a +0 spear.
The water moccasin bites you!
* * * LOW HITPOINT WARNING * * *
You are more poisoned.
The water moccasin poisons you! The gnoll misses you.
You miss the water moccasin.
The water moccasin is moderately wounded.
You feel very sick. The gnoll hits you with a +0 club.
* * * LOW HITPOINT WARNING * * *
The water moccasin bites you but does no damage.
The gnoll barely misses you.
You barely miss the water moccasin.
The water moccasin is moderately wounded.
You feel very sick. The water moccasin barely misses you.
The gnoll hits you with a +0 club.
* * * LOW HITPOINT WARNING * * *
The gnoll misses you.
Unknown command.
You closely miss the water moccasin.
The water moccasin is moderately wounded.
You feel very sick. The water moccasin bites you.
* * * LOW HITPOINT WARNING * * *
The gnoll hits you with a +0 club.
* * * LOW HITPOINT WARNING * * *
The gnoll hits you from afar with a +0 spear.
You die...

#.# #.# ######.## ######
###....... .....
##...≈....# ....
#........?####..
..≈.!...≈...##.###
.....g.g.....#.#<#
.....≈l@...≈...#.###
....JgSg........†..#
..§...gg§..........#
..).§§.............#
....§≈§....≈.........
....§§§............#...
..≈..:..≈....#.#####...#
#.........##.#.# #.# ..
#.#. .+


You could see a water moccasin, a gnoll bouda, an iguana, a jelly and 5 gnolls.

Vanquished Creatures
  An ogre (D:4)
  3 kobold brigands (Sewer)
  2 brain worms (Sewer)
  A scorpion (D:4)
  2 hounds (D:4)
  A jelly (D:4)
  2 bombardier beetles
  An orc wizard (D:4)
  7 gnolls
  4 adders
  5 river rats (Sewer)
  2 dart slugs
  A ribbon worm (D:3)
  7 orcs
  4 endoplasms
  12 giant cockroaches
  4 goblins
  7 hobgoblins
  8 jackals
  5 quokkas
  10 ball pythons
  4 bats
  6 frilled lizards
  7 kobolds
  9 rats
115 creatures vanquished.

Notes
Turn   | Place    | Note
-------+----------+-------------------------------------------
     0 | D:1      | Destapler the Troll Shapeshifter began the quest for the
                  | Orb.
     0 | D:1      | Reached XP level 1. HP: 18/18 MP: 0/0
   175 | D:1      | Reached skill level 1 in Fighting
   195 | D:1      | Reached XP level 2. HP: 27/27 MP: 1/1
  1012 | D:2      | Reached XP level 3. HP: 32/33 MP: 2/2
  1013 | D:2      | Gained mutation: Your health recovers twice as slowly from
                  | being drained. [potion of mutation]
  1013 | D:2      | Gained mutation: You passively dampen the noise of your
                  | surroundings. [potion of mutation]
  1354 | D:3      | Reached XP level 4. HP: 41/41 MP: 3/3
  1786 | D:3      | Found an ancient bone altar of Kikubaaqudgha.
  1788 | D:3      | Found an iron altar of Okawaru.
  1789 | D:3      | Found a radiant altar of Vehumet.
  1837 | D:3      | Found a glowing drain.
  1852 | Sewer    | Entered a sewer
  1871 | Sewer    | Reached XP level 5. HP: 49/49 MP: 4/4
  1990 | Sewer    | Reached XP level 6. HP: 44/59 MP: 5/5
  2206 | Sewer    | Reached XP level 7. HP: 56/67 MP: 6/6
  2755 | D:4      | Reached skill level 5 in Unarmed Combat
  2815 | D:4      | Identified the +4 short sword "Cupiwneg" {flame, Will++
                  | Int+5}
  2969 | D:4      | Lost mutation: You passively dampen the noise of your
                  | surroundings. [potion of mutation]
  2969 | D:4      | Lost mutation: Your health recovers twice as slowly from
                  | being drained. [potion of mutation]
  2969 | D:4      | Gained mutation: You have a pair of small horns on your
                  | head. [potion of mutation]
  2969 | D:4      | Gained mutation: Your spells are a little easier to cast,
                  | but a little less powerful. [potion of mutation]
  2969 | D:4      | Gained mutation: You possess an exceptional clarity of
                  | mind. [potion of mutation]
  2986 | D:4      | Lost mutation: You possess an exceptional clarity of mind.
                  | [potion of mutation]
  2986 | D:4      | Lost mutation: You have a pair of small horns on your head.
                  | [potion of mutation]
  2986 | D:4      | Gained mutation: You are dopey. (Int -2) [potion of
                  | mutation]
  3020 | D:4      | Reached skill level 5 in Shapeshifting
  3270 | D:5      | Entered Level 5 of the Dungeon
  3299 | D:5      | Slain by a gnoll

Illustrated notes

Levels and vault maps discovered:
D:1:      dpeg_arrival_morbid_curiosity, layout_basic, minmay_misc_feat_hallway
D:2:      layout_basic, minmay_tromino_i4
D:3:      minmay_roachtagon, layout_rooms, gammafunk_temple_overflow_claw,
          cheibrodos_sewer_entry_bend
D:4:      layout_rooms
D:5:      corexii_shantytown, layout_basic, serial_shops, shop,
          ebering_ghost_disaster_area, nicolae_inconvenience_store,
          kennysheep_doodads, minmay_manual_monolith

Skill      XL: |  1  2  3  4  5  6  7 |
---------------+----------------------+-----
Fighting       | 1 2 3 |  3.6
Dodging        | 2 3 4 |  4.0
Unarmed Combat | 4 5 |  5.3
Shapeshifting  | 4 5 |  5.0

Action                     |  1- 3 |  4- 6 |  7- 9 || total
---------------------------+-------+-------+-------++-------
  Melee: Unarmed           |    81 |   115 |    90 ||   286
         Punch             |       |     5 |     1 ||     6
  Throw: Stone             |     1 |       |       ||     1
         Boomerang         |       |       |    13 ||    13
Ability: Begin Untransform |       |       |     1 ||     1
    Use: Scroll            |     3 |       |     1 ||     4
         Potion            |     1 |       |     3 ||     4
   Stab: Sleeping          |       |     1 |       ||     1
 Armour: Animal skin       |    46 |    44 |    62 ||   152
         Skin              |       |       |    36 ||    36
  Dodge: Dodged            |    48 |    47 |    62 ||   157
